 Dungeon Crawl Stone Soup version 0.27-a0-346-ga689d4a613 (webtiles) character file.

Game seed: 611763141171181235

76335 sahdkjhfkaj the Eclecticist (level 15, 0/78 HPs)
             Began as a Deep Elf Conjurer on Feb 15, 2021.
             Was an Elder of Sif Muna.
             Slain by an orc warrior
             ... wielding a +0 mace
              (8 damage)
             ... on level 15 of the Dungeon.
             The game lasted 01:09:19 (37529 turns).

sahdkjhfkaj the Eclecticist (Deep Elf Conjurer)    Turns: 37529, Time: 01:09:20

Health: 0/78       AC: 13    Str:  4    XL:     15   Next: 12%
Magic:  0/46       EV: 15    Int: 35    God:    Sif Muna [****..]
Gold:   1405       SH:  0    Dex: 16    Spells: 1/46 levels left

rFire    . . .     SeeInvis .   a - +10 dagger of Gravity {protect, Int+5 Dex+3}
rCold    + . .     Faith    .   (no shield)
rNeg     . . .     Spirit   +   Q - +2 robe {rC+}
rPois    .         Reflect  .   T - +0 helmet
rElec    .         Harm     .   s - +0 cloak
rCorr    .         Rampage  .   (no gloves)
Will     +....                  (no boots)
Stlth    ++........             j - amulet of guardian spirit
HPRegen  0.23/turn              g - ring of magical power
MPRegen  0.30/turn              k - ring of wizardry

@: confused, protection aura
A: no striking features
a: Renounce Religion, Channel Magic, Forget Spell, Divine Exegesis


You were on level 15 of the Dungeon.
You worshipped Sif Muna.
Sif Muna was greatly pleased with you.
You visited 3 branches of the dungeon, and saw 22 of its levels.

You collected 1405 gold pieces.

Inventory:

Hand Weapons
 a - the +10 dagger of Gravity (weapon) {protect, Int+5 Dex+3}
   (You found it on level 12 of the Dungeon)

   It grants its wielder temporary protection when it strikes (+7 to AC).
   It affects your intelligence (+5).
   It affects your dexterity (+3).
Missiles
 m - 154 sling bullets
 I - a throwing net {!f}
 M - 14 curare-tipped darts {!f}
Armour
 s - a +0 cloak (worn)
   (You found it on level 3 of the Dungeon)
 Q - a +2 robe of cold resistance (worn)
   (You found it on level 4 of the Lair of Beasts)
 T - a +0 helmet (worn)
   (You took it off Robin on level 4 of the Dungeon)
Jewellery
 g - a ring of magical power (left hand)
   (You found it on level 1 of the Dungeon)
 j - an amulet of guardian spirit (around neck)
   (You found it on level 2 of the Dungeon)
 k - a ring of wizardry (right hand)
   (You found it on level 3 of the Dungeon)
 q - a +6 ring of dexterity
   (You found it on level 9 of the Dungeon)
 z - a ring of ice
   (You found it on level 7 of the Dungeon)
 F - a ring of willpower
   (You found it on level 10 of the Dungeon)
 P - a ring of fire
   (You found it on level 4 of the Lair of Beasts)
Wands
 d - a wand of iceblast (25)
   (You found it on level 1 of the Lair of Beasts)
 t - a wand of flame (26)
   (You took it off Duvessa on level 6 of the Dungeon)
 u - a wand of paralysis (21)
   (You found it on level 11 of the Dungeon)
 v - a wand of digging (6)
   (You found it on level 3 of the Lair of Beasts)
 x - a wand of acid (30)
   (You found it on level 5 of the Lair of Beasts)
 W - a wand of polymorph (7)
   (You found it on level 12 of the Dungeon)
Scrolls
 h - 3 scrolls of fear
 l - 2 scrolls of magic mapping
 n - 5 scrolls of enchant weapon
 w - 2 scrolls of torment {!r}
 y - 3 scrolls of immolation {!r}
 A - 9 scrolls of identify {@r1}
 H - 2 scrolls of summoning
 J - 4 scrolls of amnesia
 S - 3 scrolls of enchant armour
 U - a scroll of brand weapon
Potions
 b - a potion of magic {unknown}
 c - 3 potions of curing {@q1}
 e - 6 potions of might
 f - a potion of ambrosia
 i - 6 potions of berserk rage
 o - 2 potions of brilliance
 r - 4 potions of mutation {!q}
 B - 2 potions of resistance
 C - 2 potions of cancellation
 K - 2 potions of haste {@q3}
 L - 2 potions of attraction {!q}
 N - 3 potions of flight
 R - 2 potions of invisibility
Miscellaneous
 E - a lightning rod (4/4) {!a}
   (You found it on level 9 of the Dungeon)
 V - a phantom mirror (inert)
   (You found it on level 12 of the Dungeon)


   Skills:
 - Level 3.0 Fighting
 - Level 5.1 Dodging
 - Level 9.0 Stealth
 - Level 16.2 Spellcasting
 - Level 10.0 Conjurations
 - Level 12.0 Hexes
 - Level 13.0 Summonings
 - Level 12.6 Translocations
 + Level 6.4 Transmutations
 - Level 2.0 Fire Magic
 + Level 6.0 Earth Magic
 - Level 2.0 Poison Magic


You had one spell level left.
You knew the following spells:

 Your Spells              Type           Power        Failure   Level
a - Apportation           Tloc           100%         0%          1
d - Monstrous Menagerie   Summ           44%          2%          7
e - Magic Dart            Conj           100%         0%          1
f - Statue Form           Tmut/Erth      42%          6%          6
i - Ignite Poison         Fire/Tmut/Pois 52%          1%          3
m - Malign Gateway        Summ/Tloc      43%          2%          7
s - Searing Ray           Conj           100%         1%          2
t - Olgreb's Toxic Radia  Pois           42%          2%          4
v - Invisibility          Hex            85%          1%          6
x - Iskenderun's Mystic   Conj/Tloc      82%          1%          4
z - Fulminant Prism       Conj/Hex       40%          1%          4

Your spell library contained the following spells:

 Spells                   Type           Power        Failure   Level
 Shock                    Conj/Air       100%         1%          1
 Sting                    Tmut/Pois      100%         1%          1
 Lesser Beckoning         Tloc           43%          0%          3
 Summon Guardian Golem    Hex/Summ       86%          0%          3
 Poisonous Vapours        Pois/Air       70%          1%          2
 Swiftness                Air            28%          1%          2
 Conjure Flame            Conj/Fire      63%          1%          3
 Dazzling Flash           Conj/Hex       100%         1%          3
 Mephitic Cloud           Conj/Pois/Air  54%          1%          3
 Static Discharge         Conj/Air       59%          1%          3
 Tukima's Dance           Hex            85%          1%          3
 Animate Armour           Summ/Erth      100%         1%          4
 Cause Fear               Hex            42%          1%          4
 Lightning Bolt           Conj/Air       29%          1%          5
 Silence                  Hex/Air        31%          1%          5
 Summon Forest            Summ/Tloc      43%          1%          5
 Yara's Violent Unravell  Hex/Tmut       37%          1%          5
 Dispersal                Tloc           43%          1%          6
 Shadow Creatures         Summ           N/A          1%          6
 Alistair's Intoxication  Tmut/Pois      36%          2%          5
 Airstrike                Air            14%          5%          4
 Starburst                Conj/Fire      31%          7%          6
 Conjure Ball Lightning   Conj/Air       29%          11%         6
 Eringya's Noxious Bog    Tmut/Pois      27%          14%         6
 Agony                    Necr           28%          16%         5
 Disjunction              Tloc           43%          19%         8
 Freezing Cloud           Conj/Ice/Air   25%          21%         6
 Discord                  Hex            42%          26%         8
 Simulacrum               Ice/Necr       14%          58%         6


Dungeon Overview and Level Annotations

Branches:
Dungeon (15/15)            Temple (1/1) D:5            Lair (6/6) D:8
 Shoals (0/4) Lair:2       Spider (0/4) Lair:2        Slime (0/5) Lair:5
    Orc (0/2) D:9          Vaults (0/5) D:14         Depths (0/5) D:15

Altars:
Ashenzari
Cheibriados
Dithmenos
Elyvilon
Fedhas
Gozag
Hepliaklqana
Kikubaaqudgha
Makhleb
Nemelex Xobeh
Okawaru
Qazlal
Ru
Sif Muna
Trog
Uskayaw
Vehumet
Wu Jian
Xom
Yredelemnul
Zin
The Shining One

Shops:
D:4 =(   D:10 (!   D:13 =

Annotations:
D:5 troll
D:7 3 runed translucent doors, wampuh's ghost, novice MiFi
D:8 2 transporters
Lair:1 1 runed translucent door, Huef's ghost, journeyman KoEn
Lair:6 exclusions: door and wizard


Message History

Your fire dragon breathes flames at the fire dragon.
The blast of flame hits the fire dragon.
The fire dragon resists.
The two-headed ogre hits you with a +0 dire flail.
* * * LOW HITPOINT WARNING * * *
The two-headed ogre closely misses you.
Unknown command.
Blink to where?
As you read the scroll of blinking, it crumbles to dust.
An orc priest and an orc wizard come into view.
The orc priest is wielding a +1 dagger of flaming.
An orc warrior comes into view. It is wielding a +0 mace.
The orc wizard hits you but does no damage.
The orc priest casts a cantrip, but nothing happens.
Found a ring mail and a potion of might.
You revert to your normal fleshy form.
Your +2 robe of cold resistance unmelds from your body.
You feel resistant to cold. The orc wizard closely misses you.
The orc priest barely misses you.
Unknown command.
Unknown command.
You feel better.
The orc wizard points at you and mumbles some strange words.
The magic dart hits you.
* * * LOW HITPOINT WARNING * * *
The orc warrior hits you with a +0 mace.
The orc priest hits you with a +1 dagger of flaming.
* * * LOW HITPOINT WARNING * * *
The orc priest burns you.
* * * LOW HITPOINT WARNING * * *
Unknown command.
You are confused.
You feel invigorated.
The orc wizard hits you with a +0 dagger.
The orc priest barely misses you.
The orc warrior hits you with a +0 mace!
* * * LOW HITPOINT WARNING * * *
Unknown command.
Unknown command.
You puncture the orc priest!
Your weapon exudes an aura of protection.
The two-headed ogre looks more healthy.
The orc wizard hits you but does no damage.
The orc priest misses you. The orc warrior barely misses you.
You puncture the orc priest!
You kill the orc priest!
Sif Muna accepts your kill. The orc wizard barely misses you.
The orc warrior hits you with a +0 mace!!
You die...

,,,,,,,,,,,,,,...................
***,*****,,,*#...##########<.....
*,,,,,<**,,,*#...# ###.###
*,,,,,,**^,,*#..!############..#
*,,***,,^,,,*#...#.............##
****>***,,,,*#...#........!.≈≈≈≈≈
**,,,,,**.####...#..........≈≈≈≈≈
*,,,,,,,*....'.oo............≈≈≈≈
**,,,,,******#[)@#####.......≈≈≈≈
***,,,** #..O# #.e.....≈≈≈≈
****,**** #...# #......≈≈≈≈≈
,***,,,,* #..D#####..≈;≈≈≈≈≈≈≈
,,,***,,* #.......#..≈≈≈≈≈≈≈≈≈
,*,,**,** ##......#?≈≈≈≈≈≈≈≈≈≈
***,,,,,* #/.....#.≈≈≈≈≈≈≈≈≈≈ *
*,,*,** #....D.#***≈≈≈≈≈≈≈≈
****** #[.....# **≈≈≈≈≈≈≈


You could see a fire dragon, a two-headed ogre, an orc warrior and an orc
wizard.

Vanquished Creatures
  6 hydras
  4 vault guards (D:14)
  2 centaur warriors
  An ogre mage (D:15)
  5 boulder beetles
  Erica (Lair:2)
  A tengu warrior (D:15)
  6 two-headed ogres
  8 death yaks
  Sonja (Lair:2)
  An unseen horror (D:14)
  A wizard (D:13)
  3 ugly things
  2 deep elf pyromancers
  A wolf spider (Lair:6)
  8 elephants
  A manticore (D:12)
  Maurice (D:12)
  7 black mambas
  3 centaur skeletons
  Maggie (D:9)
  5 gargoyles
  14 cane toads
  4 rime drakes
  A komodo dragon (shapeshifter) (D:14)
  9 komodo dragons
  A kobold demonologist (D:12)
  A freezing wraith (D:15)
  7 trolls
  A tengu conjurer (D:15)
  6 polar bears
  A hornet (D:13)
  19 blink frogs
  7 wyverns
  3 water elementals
  44 yaks
  3 wraiths
  Grum (D:11)
  3 basilisks (D:8)
  A steam dragon (D:10)
  3 vampire mosquitoes (D:14)
  Duvessa (D:6)
  2 soldier ants
  20 water moccasins
  A black bear (D:10)
  A hornet zombie (D:15)
  2 ice beasts
  7 orc warriors
  A necrophage (D:12)
  An eye of draining (D:12)
  4 sky beasts
  4 boggarts
  3 centaurs (D:14)
  6 ogres
  7 wolves
  3 kobold brigands
  3 phantoms
  13 bullfrogs
  Dowan (D:6)
  A wyvern skeleton (D:12)
  7 scorpions
  13 killer bees
  3 electric eels
  5 wights (D:10)
  2 howler monkeys
  2 bullfrog zombies
  2 centaur zombies
  A quasit (D:12)
  5 jellies
  14 orc priests
  11 hounds
  2 bullfrog skeletons
  5 worker ants
  2 iguanas
  21 orc wizards
  A hound zombie (D:5)
  A worker ant zombie (D:6)
  Robin (D:4)
  11 gnolls
  12 adders
  A shadow imp (D:6)
  A white imp (D:4)
  3 oozes (Lair:5)
  4 ufetubi
  5 worms
  2 dart slugs (D:1)
  6 leopard geckos
  56 orcs
  3 ball pythons
  8 giant cockroaches
  20 goblins
  6 hobgoblins
  6 jackals
  18 kobolds
  3 quokkas
  9 bats
  4 frilled lizards
  2 goblin skeletons (D:4)
  4 goblin zombies (D:4)
  3 hobgoblin zombies (D:4)
  A jackal skeleton (D:7)
  A kobold skeleton (D:4)
  An orc skeleton (D:4)
  4 rats
571 creatures vanquished.

Vanquished Creatures (collateral kills)
  A tengu reaver (D:13)
  A sphinx (D:13)
  A fire giant (D:13)
  A hydra (shapeshifter) (D:13)
  3 hydras
  2 centaur warriors (D:13)
  A manticore (D:12)
  6 ugly things
  2 centaur zombies
  A gargoyle (D:11)
  A nameless horror (D:13)
  A rime drake (Lair:6)
  An efreet (D:14)
  A komodo dragon (Lair:6)
  A water elemental (D:15)
  A vampire (D:12)
  A basilisk (D:14)
  An eye of draining (D:14)
  An ogre (D:15)
  A wolf (D:11)
  A centaur (D:14)
  A bullfrog (D:14)
  A wyvern skeleton (D:11)
  A worker ant (D:14)
  A leopard gecko (D:11)
  3 orcs (D:11)
37 creatures vanquished.

Vanquished Creatures (others)
  11 eldritch tentacles
  A boulder beetle (D:13)
  An unseen horror (D:15)
  An orc knight (D:13)
  A boggart (D:15)
  A quasit (D:13)
  10 fulminant prisms
  56 fungi
  82 plants
164 creatures vanquished.

Grand Total: 772 creatures vanquished

Notes
Turn   | Place    | Note
-------+----------+-------------------------------------------
     0 | D:1      | sahdkjhfkaj the Deep Elf Conjurer began the quest for the
                  | Orb.
     0 | D:1      | Reached XP level 1. HP: 10/10 MP: 6/6
   591 | D:1      | Reached XP level 2. HP: 15/15 MP: 2/8
   660 | D:1      | Learned a level 2 spell: Searing Ray
  1125 | D:1      | Reached skill level 4 in Spellcasting
  1427 | D:2      | Reached XP level 3. HP: 19/19 MP: 10/10
  1987 | D:2      | Reached skill level 1 in Fighting
  2077 | D:2      | Reached XP level 4. HP: 25/25 MP: 12/12
  2105 | D:2      | Learned a level 4 spell: Fulminant Prism
  2516 | D:3      | Reached XP level 5. HP: 31/31 MP: 14/14
  2558 | D:3      | Learned a level 4 spell: Iskenderun's Mystic Blast
  2884 | D:3      | Reached skill level 1 in Hexes
  2924 | D:3      | Found a hide-covered altar of Uskayaw.
  3295 | D:4      | Found a glowing golden altar of the Shining One.
  3425 | D:4      | Noticed Robin
  3434 | D:4      | Killed Robin
  3657 | D:4      | Got a crude ring mail
  3689 | D:4      | Identified the +0 ring mail of Narcissism {rPois rN+ rCorr
                  | Str+2} (You found it on level 4 of the Dungeon)
  3797 | D:4      | Found Vohusiaf's Weapon Shop.
  3819 | D:4      | Found Joraos's Jewellery Boutique.
  3981 | D:4      | Reached XP level 6. HP: 32/37 MP: 14/15
  4247 | D:5      | Entered Level 5 of the Dungeon
  4384 | D:5      | Reached skill level 1 in Translocations
  4748 | D:5      | Noticed a troll
  5030 | D:5      | Reached XP level 7. HP: 40/41 MP: 16/16
  5122 | D:5      | Found a staircase to the Ecumenical Temple.
  5133 | Temple   | Entered the Ecumenical Temple
  5207 | Temple   | Became a worshipper of Sif Muna the Loreminder
  5843 | D:6      | Reached skill level 5 in Spellcasting
  5843 | D:6      | Reached skill level 5 in Conjurations
  5843 | D:6      | Reached skill level 5 in Hexes
  5843 | D:6      | Reached skill level 5 in Translocations
  6068 | D:6      | Noticed Duvessa
  6068 | D:6      | Noticed Dowan
  6082 | D:6      | Killed Duvessa
  6085 | D:6      | Killed Dowan
  6086 | D:6      | Reached XP level 8. HP: 43/46 MP: 12/18
  6641 | D:7      | Reached skill level 6 in Spellcasting
  7111 | D:7      | Found a runed translucent gate.
  7111 | D:7      | Found a runed translucent gate.
  7111 | D:7      | Found a runed translucent gate.
  7113 | D:7      | Noticed wampuh's ghost (novice MiFi)
  7459 | D:8      | Reached * piety under Sif Muna
  7541 | D:8      | Found a broken altar of Ashenzari.
  7736 | D:8      | Reached skill level 7 in Spellcasting
  7737 | D:8      | Reached XP level 9. HP: 34/50 MP: 8/22
  7758 | D:8      | Found a staircase to the Lair.
  8000 | D:8      | Reached skill level 8 in Spellcasting
  8499 | D:8      | Noticed a gargoyle
  8505 | D:8      | Killed a gargoyle
  8506 | D:8      | Reached skill level 9 in Spellcasting
  8831 | D:8      | Reached skill level 10 in Spellcasting
  8861 | D:8      | Reached ** piety under Sif Muna
  9031 | D:8      | Found a transporter.
  9031 | D:8      | Found a transporter.
  9031 | D:8      | Noticed a boulder beetle
  9214 | D:9      | Found a blossoming altar of Fedhas.
  9214 | D:9      | Noticed Maggie
  9224 | D:9      | Killed Maggie
  9225 | D:9      | Reached XP level 10. HP: 48/56 MP: 17/26
  9320 | D:9      | Reached skill level 11 in Spellcasting
  9670 | D:9      | Reached skill level 12 in Spellcasting
 10195 | D:9      | Found a staircase to the Orcish Mines.
 10857 | D:10     | Entered Level 10 of the Dungeon
 10900 | D:9      | Reached skill level 13 in Spellcasting
 11209 | D:10     | Reached skill level 14 in Spellcasting
 11733 | D:10     | Reached *** piety under Sif Muna
 11739 | D:10     | Learned a level 1 spell: Apportation
 11835 | D:10     | Found Wufeleoc's Distillery.
 12062 | D:10     | Found Visibring's Antique Weapon Boutique.
 12198 | D:10     | Reached XP level 11. HP: 60/60 MP: 31/31
 12205 | D:10     | Reached skill level 15 in Spellcasting
 12877 | D:10     | Reached **** piety under Sif Muna
 13001 | Lair:1   | Entered Level 1 of the Lair of Beasts
 13270 | Lair:1   | Found a runed translucent door.
 13271 | Lair:1   | Found a shimmering altar of Xom.
 13271 | Lair:1   | Noticed Huef's ghost (journeyman KoEn)
 13272 | Lair:1   | Noticed a +4 war axe of chaos
 14143 | Lair:1   | Learned a level 6 spell: Invisibility
 14180 | Lair:1   | Reached skill level 10 in Conjurations
 14180 | Lair:1   | Reached skill level 10 in Translocations
 14722 | Lair:2   | Found a staircase to the Shoals.
 14921 | Lair:2   | Reached skill level 10 in Hexes
 15053 | Lair:2   | Noticed Erica
 15209 | Lair:2   | Killed Erica
 15323 | Lair:2   | Noticed Sonja
 15327 | Lair:2   | Found a hole to the Spider Nest.
 15594 | Lair:2   | Noticed a six-headed hydra
 15610 | Lair:2   | Killed a six-headed hydra
 15611 | Lair:2   | Reached XP level 12. HP: 64/64 MP: 29/33
 16667 | Lair:2   | Killed Sonja
 16756 | Lair:3   | Reached skill level 5 in Stealth
 16771 | Lair:3   | Noticed an eight-headed hydra
 16780 | Lair:3   | Reached ***** piety under Sif Muna
 16781 | Lair:3   | Killed an eight-headed hydra
 16961 | Lair:3   | Noticed a four-headed hydra
 16966 | Lair:3   | Noticed a death yak
 16967 | Lair:3   | Noticed a death yak
 16969 | Lair:3   | Noticed a death yak
 16972 | Lair:3   | Killed a two-headed hydra
 17402 | Lair:2   | Found a staircase to the Shoals.
 17442 | Lair:2   | Found a hole to the Spider Nest.
 17863 | Lair:2   | Identified Sif Muna's Grimoire of Bewitching Creation (Sif
                  | Muna gifted it to you on level 2 of the Lair of Beasts)
 17863 | Lair:2   | Received a gift from Sif Muna
 17873 | Lair:2   | Learned a level 7 spell: Monstrous Menagerie
 18179 | Lair:3   | Reached skill level 1 in Summonings
 18356 | Lair:3   | Noticed a death yak
 18412 | Lair:2   | Killed a death yak
 18932 | Lair:2   | Killed a death yak
 19116 | Lair:2   | Killed a death yak
 19117 | Lair:2   | Reached skill level 5 in Summonings
 19375 | Lair:2   | Killed a death yak
 20167 | Lair:3   | Noticed a seven-headed hydra
 20173 | Lair:3   | Killed a seven-headed hydra
 20239 | Lair:3   | Noticed a boulder beetle
 20261 | Lair:3   | Killed a boulder beetle
 20513 | Lair:3   | Reached XP level 13. HP: 49/68 MP: 27/34
 22760 | Lair:5   | Reached skill level 10 in Summonings
 22949 | Lair:4   | Learned a level 5 spell: Summon Forest
 23601 | Lair:5   | Found a staircase to the Slime Pits.
 24596 | Lair:6   | Entered Level 6 of the Lair of Beasts
 27895 | Lair:6   | Reached skill level 16 in Spellcasting
 28493 | D:11     | Noticed Grum
 28504 | D:11     | Killed Grum
 28506 | D:11     | Reached XP level 14. HP: 66/74 MP: 26/36
 28697 | D:11     | Learned a level 4 spell: Olgreb's Toxic Radiance
 28701 | D:11     | Learned a level 3 spell: Ignite Poison
 28998 | D:11     | Identified Vipnap's Catalogue of the Voyage and Dark
                  | Rituals (Sif Muna gifted it to you on level 11 of the
                  | Dungeon)
 28998 | D:11     | Received a gift from Sif Muna
 29008 | D:11     | Learned a level 7 spell: Malign Gateway
 29111 | D:11     | Reached skill level 1 in Transmutations
 29600 | D:11     | Learned a level 1 spell: Magic Dart
 29615 | D:11     | Reached skill level 1 in Fire Magic
 30395 | D:12     | Reached skill level 1 in Poison Magic
 30706 | D:12     | Noticed Maurice
 30716 | D:12     | Killed Maurice
 31908 | D:12     | Got a smoking dagger
 32144 | D:12     | Identified the +10 dagger of Gravity {protect, Int+5 Dex+3}
                  | (You found it on level 12 of the Dungeon)
 32691 | D:13     | Noticed a tengu reaver
 32691 | D:13     | Noticed a sphinx
 32692 | D:13     | Noticed a fire giant
 32760 | D:13     | Killed a fire giant
 33448 | D:13     | Noticed a storm dragon
 33616 | D:13     | Killed a tengu reaver
 34104 | D:13     | Killed a sphinx
 34413 | D:13     | Found Ezuuffag's Jewellery Emporium.
 35171 | D:14     | Reached skill level 5 in Dodging
 35175 | D:14     | Identified Sif Muna's Spellweaving, Part Six (Sif Muna
                  | gifted it to you on level 14 of the Dungeon)
 35175 | D:14     | Received a gift from Sif Muna
 35187 | D:13     | Learned a level 6 spell: Statue Form
 35580 | D:14     | Reached skill level 1 in Earth Magic
 35632 | D:14     | Found a gate to the Vaults.
 36075 | D:14     | Reached skill level 5 in Transmutations
 36416 | D:15     | Entered Level 15 of the Dungeon
 37255 | D:15     | Reached skill level 5 in Earth Magic
 37298 | D:15     | Reached XP level 15. HP: 41/78 MP: 14/37
 37527 | D:15     | HP: 1/78 [orc warrior/+0 mace (11)]
 37529 | D:15     | Slain by an orc warrior

Illustrated notes

Levels and vault maps discovered:
D:1:      amcnicky_arrival_feature_with_door, layout_basic
D:2:      layout_loops_ring
D:3:      layout_basic, amcnicky_altar_gilded
D:4:      layout_gridville, serial_shops, nicolae_shop_stone,
          minmay_shop_enchanted_jewellery, nicolae_tso_besieged_by_evil,
          uniq_robin
D:5:      layout_rooms, temple_green
D:6:      layout_basic, uniq_duvessa
D:7:      layout_rooms, gammafunk_ghost_necromancy
D:8:      gammafunk_boulding_lane, layout_basic, nicolae_ashenzari_panopticon,
          minmay_lair_entry_grove
D:9:      layout_grid_maze, orc_0_dummy, fedhas_ov_isle_minmay, uniq_maggie
D:10:     layout_grid_maze, serial_shops, nicolae_shop_crystal,
          kennysheep_little_box
D:11:     layout_stronghold, uniq_grum
D:12:     layout_gridville, hive_lemuel, uniq_maurice
D:13:     layout_grid_maze, serial_shops, kennysheep_mini_moat,
          minmay_checkered_concentric_circles
D:14:     layout_rooms, lightli_vaults_fourway_checkpoint
D:15:     gammafunk_enter_depths_forms, layout_basic,
          portal_ice_cave_entry_ice_beasts
Temple:   grunt_wide_crystal_templ
Lair:1:   layout_roguey, ebering_ghost_xom, chequers_serial_rivers_micro_c,
          wad_woods_road_01
Lair:2:   layout_long_grid, elwin_shoals_entry_rocks,
          nicolae_spider_entry_non_spiders, infiniplex_staircase_pool,
          uniq_sonja, uniq_erica
Lair:3:   layout_cave_pods, st_stairs_10, infiniplex_staircase_pool_2,
          serial_bayou_shore_b
Lair:4:   layout_loops_ring
Lair:5:   layout_regular_city, nicolae_slime_entry_slimehenge,
          nicolae_volcano_entry_s_turn, grunt_forest_small_clearing_treed
Lair:6:   evil_forest, layout_regular_city

Skill      XL: |  1  2  3  4  5  6  7  8  9 10 11 12 13 14 15 |
---------------+----------------------------------------------+-----
Spellcasting   | 4 5 7 10 14 15 16 | 16.2
Fighting       | 1 2 3 |  3.0
Hexes          | 4 5 7 8 11 12 | 12.0
Translocations | 3 5 6 8 10 12 | 12.6
Conjurations   | 5 6 8 10 | 10.0
Stealth        | 9 |  9.0
Summonings     | 8 13 | 13.0
Transmutations | 5 6 |  6.4
Fire Magic     | 2 |  2.0
Poison Magic   | 2 |  2.0
Dodging        | 5 |  5.1
Earth Magic    | 5 6 |  6.0

Action                   |  1- 3 |  4- 6 |  7- 9 | 10-12 | 13-15 || total
-------------------------+-------+-------+-------+-------+-------++-------
Melee: Short sword       |       |       |     3 |    44 |       ||    47
       Scimitar          |       |       |       |     2 |     7 ||     9
       Unarmed           |       |       |       |       |    17 ||    17
       Dagger            |       |       |       |       |    13 ||    13
Throw: Dart              |       |       |       |       |     3 ||     3
 Cast: Magic Dart        |    79 |   137 |   123 |   236 |   326 ||   901
       Searing Ray       |     2 |    14 |    45 |   127 |   150 ||   338
       Fulminant Prism   |       |       |     1 |     6 |     3 ||    10
       Iskenderun's Myst |       |       |       |    67 |    35 ||   102
       Invisibility      |       |       |       |     7 |     7 ||    14
       Monstrous Menager |       |       |       |       |    13 ||    13
       Summon Forest     |       |       |       |       |     1 ||     1
       Olgreb's Toxic Ra |       |       |       |       |    93 ||    93
       Ignite Poison     |       |       |       |       |    37 ||    37
       Malign Gateway    |       |       |       |       |    11 ||    11
       Statue Form       |       |       |       |       |     4 ||     4
 Abil: End Transformatio |       |       |       |       |     1 ||     1
Evoke: Wand              |       |       |       |     1 |       ||     1
       Phantom mirror    |       |       |       |       |     1 ||     1
  Use: Potion            |     1 |       |     8 |     1 |     9 ||    19
       Scroll            |       |     7 |     7 |     7 |    18 ||    39
 Stab: Invisible         |       |       |       |     2 |       ||     2
       Sleeping          |       |       |       |       |     1 ||     1
Armor: Robe              |     1 |     3 |       |       |    74 ||    78
       Ring mail         |       |    13 |    39 |   111 |     6 ||   169
       Skin              |       |       |       |       |    37 ||    37
Dodge: Dodged            |     7 |    29 |    49 |   165 |   277 ||   527
       Rpst.: Scimitar   |       |       |       |     5 |    34 ||    39

Table legend: (Time is in decaauts)
 A = Elapsed time spent in this place.
 B = Non-inter-level travel time spent in this place.
 C = Inter-level travel time spent in this place.
 D = Time resting spent in this place.
 E = Time spent auto-exploring this place.
 F = Levels seen in this place.
 G = Mean time per level.
                   A        B        C        D        E       F      G
               +--------+--------+--------+--------+--------+-----+--------+
         Total |  37635 |  36703 |    932 |   2242 |  29558 |  22 | 1710.7 |
       Dungeon |  22481 |  21919 |    562 |   2051 |  16864 |  15 | 1498.7 |
        Temple |     83 |     68 |     15 |      0 |     66 |   1 |   83.0 |
          Lair |  15070 |  14716 |    354 |    191 |  12627 |   6 | 2511.7 |
               +--------+--------+--------+--------+--------+-----+--------+

Top non-repeatable levels by time:
  Lair:2: 4761 daAuts
    D:13: 3486 daAuts
  Lair:6: 2921 daAuts
  Lair:5: 2305 daAuts
    D:12: 2232 daAuts
     D:9: 2183 daAuts
     D:8: 2030 daAuts
  Lair:1: 1744 daAuts
  Lair:4: 1690 daAuts
    D:11: 1678 daAuts
  Lair:3: 1648 daAuts
    D:10: 1621 daAuts
     D:1: 1379 daAuts
     D:6: 1238 daAuts
    D:14: 1231 daAuts
